AoeStats
← Legolas

Arena

509210536Analyzed
3v3 RM · 7d ago on Sep 25, 2026· 26m 50s· 6 players
Game mode
Random Map
Map size
Normal (6 player)
Population
200
Speed
Normal
Resources
Standard
Victory
Conquest
Starting age
Dark Age
Ending age
Imperial Age
RankedLock teamsTeams togetherTeam positionsShared explorationLock speedFull tech treeHidden civsTurbo modeCheats
Victory
Defeat
🇨🇴 Celts · Colombia
882
+13
🇦🇷 Burgundians · Argentina
837
+15
820
+16
🇺🇸 Romans · United States
853
-16
🇵🇹 Malay · Portugal
819
-15
🇨🇭 Hindustanis · Switzerland
782
-32
ThePriest10
0:34 Loom
11:19 Feudal Age
18:47 Castle Age
18:29 Double-Bit Axe
23:57 Wheelbarrow
23:07 Town Watch
Encore
10:37 Feudal Age
11:45 Double-Bit Axe
13:42 Wheelbarrow
13:47 Loom
15:48 Horse Collar
21:22 Castle Age
Geneviève V.
12:27 Feudal Age
14:10 Wheelbarrow
13:31 Double-Bit Axe
13:57 Horse Collar
15:57 Stone Mining
17:52 Gold Mining
Legolas
12:22 Feudal Age
16:31 Castle Age
16:40 Double-Bit Axe
16:49 Horse Collar
17:41 Loom
drip_trpz #Grandma Peek
10:52 Feudal Age
16:53 Castle Age
16:24 Double-Bit Axe
16:21 Horse Collar
17:04 Fletching
17:16 Padded Archer Armor
24:54 Bow Saw
26:30 Husbandry
PopySeed_[CuERvO]
3:57 Loom
6:18 Wheelbarrow
11:13 Feudal Age
12:15 Double-Bit Axe
12:18 Horse Collar
12:56 Gold Mining
14:30 Bow Saw
17:14 Heavy Plow
20:52 Castle Age
20:42 Gold Shaft Mining
19:58 Stone Mining
29:43 Imperial Age
Connection lost

Rejoining the realm…

Still unreachable

The connection could not be restored.

Session expired

The server has moved on; the page needs a fresh start.